Map: Ever Dream LE

Players

HeroMarine - Winner!

  • Race: Terran Terran
  • League: Master
  • Spawn Location: 7:00

AqueroN

  • Race: Terran Terran
  • League: Grandmaster
  • Spawn Location: 1:00

Event: DreamHack SC2 Masters 2020 Fall

VOD

Have the link to the VOD?

Description

Time

  • Played on: Sept. 5, 2020, 2:13 p.m.
  • Length: 16:44

All games in this series

Show
View Real Time Build Order
Export as new Build Order

HeroMarine Terran - Winner!

Build Orders: Reaper Expand 

Get SALT Encoding   

  12  0:00  SCV  
  13  0:12  SCV  
  14  0:18  Supply Depot  
  14  0:24  SCV  
  15  0:39  SCV  
  15  0:40  Barracks  
  16  0:43  Refinery  
  16  0:51  SCV  
  17  1:03  SCV  
  18  1:15  SCV  
  19  1:27  Reaper, Orbital Command  
  20  1:41  Command Center  
  20  1:49  Supply Depot  
  20  1:53  SCV  
  21  1:58  Marine  
  22  2:05  SCV  
  23  2:09  Factory  
  23  2:16  Marine  
  23  2:17  SCV  
  23  2:21  Refinery  
  25  2:25  Bunker  
  26  2:30  SCV  
  26  2:34  Barracks Reactor  
  26  2:42  SCV  
  27  2:53  Orbital Command  
  27  2:54  SCV, Hellion  
  30  3:00  Starport  
  30  3:06  SCV  
  30  3:12  Marine x2  
  33  3:17  Factory Tech Lab  
  33  3:18  SCV  
  34  3:22  SCV  
  35  3:29  Refinery  
  35  3:30  SCV, Marine x2  
  35  3:34  SCV  
  35  3:37  Cyclone  
  35  3:38  Starport Tech Lab  
  39  3:42  Supply Depot  
  39  3:44  SCV  
  39  3:46  SCV  
  39  3:48  Marine x2  
  43  3:56  SCV  
  43  3:57  Raven  
  43  4:02  Supply Depot  
  46  4:04  SCV  
  46  4:06  Marine x2  
  46  4:08  SCV  
  50  4:11  Siege Tank  
  54  4:17  SCV  
  54  4:19  Supply Depot  
  54  4:23  SCV  
  54  4:29  SCV  
  55  4:35  SCV, Command Center  
  56  4:40  Raven  
  56  4:43  SCV  
  56  4:45  Refinery  
  59  4:47  SCV  
  59  4:49  Marine x2  
  59  4:51  Siege Tank  
  65  4:55  Supply Depot  
  65  4:56  SCV  
  65  4:59  SCV  
  67  5:08  SCV  
  70  5:16  SCV  
  70  5:17  Barracks  
  70  5:18  Barracks  
  70  5:20  SCV  
  72  5:24  Engineering Bay  
  72  5:25  Engineering Bay  
  72  5:26  Siege Tank  
  73  5:29  SCV  
  73  5:34  Viking, Stimpack  
  77  5:39  Viking  
  78  5:47  SCV x2, Orbital Command, Marine  
  81  5:52  Terran Infantry Weapons Level 1, Terran Infantry Armor Level 1  
  80  5:59  SCV x2  
  82  6:04  Barracks  
  82  6:06  Barracks Reactor, Barracks  
  82  6:07  Barracks Reactor  
  82  6:09  Viking  
  84  6:12  SCV x2  
  84  6:14  Viking  
  84  6:16  Marine  
  89  6:23  Supply Depot x2  
  89  6:28  SCV x2  
  89  6:31  Orbital Command  
  91  6:37  Siege Tank  
  94  6:40  SCV x2  
  94  6:41  Viking, Bunker  
  94  6:44  Viking  
  100  6:52  SCV x2  
  102  6:55  Barracks Reactor x2  
  102  7:00  SCV, Supply Depot  
  102  7:03  Marine  
  102  7:04  SCV x2, Marine x4  
  109  7:11  Supply Depot  
  109  7:12  SCV  
  110  7:16  SCV x2  
  110  7:19  Siege Tank  
  110  7:21  Marine  
  110  7:22  Marine x4  
  117  7:23  Refinery  
  117  7:24  Refinery  
  119  7:31  Marine x4  
  119  7:34  Sensor Tower  
  123  7:39  Marine x2  
  123  7:40  Marine  
  123  7:42  SCV x2  
  123  7:43  SCV, Combat Shield, Armory  
  123  7:44  Supply Depot  
  128  7:46  Medivac x2  
  128  7:47  Marine  
  133  7:59  Supply Depot, Marine x5  
  133  8:00  Marine x3  
  133  8:04  Marine  
  140  8:13  Command Center  
  140  8:16  Siege Tank  
  140  8:17  Marine x4  
  140  8:18  Marine x2  
  148  8:22  Supply Depot  
  148  8:24  Supply Depot x2  
  146  8:27  Marine x3  
  146  8:31  Factory  
  149  8:35  Marine x4  
  149  8:39  Medivac x2  
  149  8:41  Terran Infantry Weapons Level 2  
  156  8:42  Terran Infantry Armor Level 2  
  156  8:46  Terran Vehicle Weapons Level 1  
  156  8:48  Marine x4  
  158  8:53  Marine  
  157  8:58  Marine x3  
  160  9:03  Siege Tank  
  160  9:05  Marine  
  160  9:06  SCV, Marine x3  
  160  9:07  SCV x2  
  169  9:11  Medivac x2  
  169  9:16  Barracks Reactor  
  171  9:18  Barracks x2  
  171  9:20  SCV x2  
  171  9:21  SCV, Barracks  
  174  9:32  SCV x2, Siege Tank  
  174  9:33  SCV  
  174  9:35  Siege Tank  
  174  9:37  Marine x2  
  185  9:39  Sensor Tower  
  185  9:40  Marine x3  
  185  9:41  Marine  
  185  9:43  Marine  
  190  9:47  Marine  
  189  9:53  Marine x2  
  189  9:54  Marine  
  189  9:58  Marine x2  
  193  10:00  Planetary Fortress  
  193  10:02  SCV x3  
  194  10:07  Barracks Reactor, Siege Tank  
  194  10:08  Barracks Reactor  
  194  10:09  Siege Tank  
  194  10:10  Supply Depot  
  184  10:16  Marine  
  184  10:17  Marine x9  
  187  10:28  Barracks Reactor  
  186  10:30  Refinery  
  186  10:32  Medivac x2  
  186  10:34  Marine x7  
  196  10:38  Marine  
  196  10:39  Marine x2  
  196  10:40  Refinery  
  199  10:52  Marine  
  199  10:56  Starport  
  199  10:57  Starport  
  200  11:19  Viking  
  200  11:20  Viking  
  198  11:40  Marine  
  198  11:41  Marine  
  198  11:43  Marine x2  
  198  11:45  Marine  
  129  12:21  Barracks x2  
  129  12:22  Barracks  
  124  12:23  Command Center, Barracks  
  124  12:24  Command Center  
  124  12:25  Orbital Command  
  118  12:39  Command Center  
  114  12:57  Supply Depot  
  114  12:58  Supply Depot x2  
  113  12:59  Supply Depot  
  113  13:01  Supply Depot  
  100  13:25  Supply Depot  
  100  13:26  Supply Depot x2  
  98  13:29  Supply Depot x3  
  98  13:30  Supply Depot  
  97  13:36  Marine x3  
  100  13:46  Marine x3  
  100  13:47  Orbital Command, Marine  
  104  13:48  Marine x2  
  104  13:50  Marine  
  104  13:52  Engineering Bay  
  104  13:54  Marine  
  104  13:55  Marine x2  
  110  13:56  Orbital Command  
  109  14:04  Marine x4  
  109  14:06  Marine x2  
  109  14:08  Marine  
  116  14:11  Marine  
  116  14:13  Marine x2  
  119  14:22  Marine x4  
  119  14:23  Planetary Fortress  
  119  14:24  Marine x2  
  123  14:25  SCV  
  123  14:26  Orbital Command, Marine  
  126  14:33  SCV  
  126  14:38  SCV  
  128  14:45  SCV  
  128  14:50  SCV  
  128  14:51  SCV  
  130  14:57  SCV, Marine  
  130  14:58  Marine x4  
  136  15:02  SCV  
  136  15:03  SCV  
  138  15:09  SCV  
  138  15:11  SCV  
  136  15:14  SCV  
  136  15:16  SCV  
  136  15:18  Marine x7  
  142  15:21  SCV  
  142  15:23  SCV  
  142  15:25  Marine  
  142  15:26  SCV, Marine  
  143  15:35  SCV  
  141  15:42  Supply Depot  
  141  15:43  Supply Depot  
  140  16:10  Supply Depot  
  140  16:12  Supply Depot  
Show
View Real Time Build Order
Export as new Build Order

AqueroN Terran 

Build Orders:  

Get SALT Encoding   

  12  0:00  SCV  
  13  0:12  SCV  
  14  0:17  Supply Depot  
  14  0:24  SCV  
  15  0:29  Refinery  
  15  0:38  SCV  
  16  0:43  Barracks  
  16  0:50  SCV  
  17  0:57  Refinery  
  17  1:02  SCV  
  18  1:15  SCV  
  19  1:30  Reaper, Orbital Command  
  20  1:35  Factory  
  20  1:41  Supply Depot  
  20  1:55  SCV  
  21  2:02  Reaper  
  21  2:08  SCV  
  23  2:19  Hellion  
  23  2:20  SCV  
  26  2:28  Command Center  
  26  2:32  SCV  
  26  2:35  Reaper  
  28  2:40  Supply Depot  
  28  2:45  Hellion  
  28  2:47  SCV  
  31  2:56  Starport  
  31  3:02  SCV  
  32  3:07  Factory Tech Lab  
  32  3:08  Barracks Reactor  
  32  3:14  SCV  
  33  3:23  Refinery  
  33  3:26  SCV, Cyclone  
  36  3:37  Starport Tech Lab  
  36  3:38  SCV  
  36  3:40  Orbital Command  
  36  3:45  Marine x2  
  38  3:50  SCV  
  38  3:55  Raven  
  39  4:02  SCV, Siege Tank  
  45  4:05  Marine  
  45  4:08  Marine  
  45  4:09  Supply Depot  
  47  4:11  SCV  
  47  4:14  SCV  
  49  4:23  SCV, Marine  
  51  4:25  Marine  
  51  4:27  SCV, Supply Depot  
  53  4:35  SCV, Siege Tank  
  57  4:39  SCV  
  57  4:41  Marine  
  57  4:43  Marine  
  60  4:45  Supply Depot  
  60  4:47  SCV  
  60  4:48  Raven  
  60  4:51  SCV  
  64  4:57  Supply Depot  
  64  4:59  Marine  
  66  5:00  SCV  
  66  5:01  Marine  
  66  5:03  SCV  
  68  5:07  Siege Tank  
  68  5:12  SCV  
  72  5:15  SCV  
  72  5:17  Marine  
  72  5:19  Marine  
  75  5:21  Supply Depot  
  75  5:24  SCV  
  75  5:27  Command Center  
  76  5:29  SCV  
  77  5:35  Supply Depot  
  77  5:36  SCV  
  77  5:39  Siege Tank  
  81  5:45  Viking x2  
  81  5:49  SCV x2  
  87  5:59  Engineering Bay  
  87  6:00  Engineering Bay  
  87  6:02  SCV x2, Refinery  
  87  6:03  Supply Depot  
  89  6:13  Siege Tank  
  89  6:15  Viking x2  
  89  6:17  Stimpack  
  96  6:19  SCV x2  
  98  6:31  Barracks  
  98  6:34  Barracks  
  98  6:37  Terran Infantry Weapons Level 1  
  98  6:39  Terran Infantry Armor Level 1  
  98  6:40  Orbital Command  
  98  6:41  SCV x2  
  98  6:45  Viking  
  102  6:49  Marine  
  102  6:52  Viking  
  102  6:53  SCV  
  106  6:56  SCV  
  107  7:05  SCV, Siege Tank  
  107  7:06  Orbital Command  
  111  7:10  SCV  
  111  7:12  Marine  
  113  7:17  Viking, Supply Depot, SCV  
  113  7:18  Supply Depot  
  113  7:22  Barracks Reactor, Viking  
  118  7:23  SCV  
  118  7:28  Barracks Reactor  
  120  7:30  SCV  
  120  7:31  SCV  
  120  7:33  Barracks x2  
  120  7:35  SCV  
  120  7:36  Refinery  
  122  7:39  Marine  
  122  7:41  Siege Tank  
  126  7:46  SCV x2  
  126  7:47  SCV  
  129  7:51  Viking  
  129  7:52  Viking  
  129  7:56  Supply Depot x2  
  133  7:58  Marine x2  
  133  7:59  Marine  
  133  8:03  Armory  
  134  8:05  Marine  
  134  8:06  Marine  
  134  8:07  Refinery  
  134  8:13  Siege Tank  
  134  8:16  Marine x2  
  134  8:17  Marine  
  134  8:18  Combat Shield  
  139  8:23  Marine x2  
  139  8:24  Barracks Reactor  
  140  8:28  Barracks Reactor  
  140  8:33  SCV x3, Supply Depot x2, Command Center  
  143  8:34  Marine x2  
  143  8:36  Marine  
  143  8:39  Medivac x2  
  143  8:41  Marine x2  
  151  8:51  SCV x3  
  151  8:52  Marine x2, Terran Infantry Weapons Level 2  
  151  8:54  Marine  
  153  8:59  Marine x2  
  157  9:03  Terran Infantry Armor Level 2  
  157  9:05  Marine x3  
  157  9:06  Marine  
  157  9:09  Marine  
  158  9:10  Marine  
  158  9:12  Marine  
  158  9:17  Marine x2  
  160  9:18  Medivac x2  
  160  9:21  Siege Tank  
  160  9:23  Marine  
  170  9:30  Supply Depot, Marine x3  
  170  9:31  Supply Depot, Sensor Tower  
  173  9:32  Marine x3  
  176  9:41  Marine x2  
  176  9:42  Marine  
  176  9:45  Barracks x2  
  178  9:47  Marine  
  178  9:48  Marine  
  178  9:49  Barracks  
  178  9:50  SCV x3  
  181  9:53  Siege Tank  
  181  9:54  Marine x2  
  181  9:55  Marine x2  
  181  9:59  Marine  
  188  10:02  Marine x2  
  190  10:08  Marine x2  
  190  10:12  Liberator  
  190  10:13  Liberator  
  195  10:17  Marine x4  
  196  10:24  Planetary Fortress  
  196  10:27  Terran Vehicle Weapons Level 1  
  196  10:28  Marine x2  
  198  10:42  Factory, Starport  
  198  10:43  Starport, Marine x2  
  198  10:47  Barracks Reactor  
  198  10:48  Barracks Reactor x2  
  200  10:52  Sensor Tower  
  198  11:10  Refinery, Siege Tank  
  199  11:14  Refinery  
  162  11:47  Marine x3  
  162  11:48  Marine x4  
  162  11:49  Marine x4  
  162  11:50  Marine x3  
  162  11:53  Liberator  
  160  11:54  Marine  
  158  12:04  Marine  
  158  12:05  Marine x4  
  158  12:06  Marine  
  158  12:07  Marine  
  168  12:09  Marine  
  150  12:16  Factory  
  150  12:17  Barracks x2  
  150  12:18  Barracks  
  150  12:20  Barracks  
  115  12:42  Fusion Core  
  108  12:57  Supply Depot  
  108  12:59  Supply Depot x2  
  103  13:20  Marine x3, Factory Tech Lab  
  103  13:23  Supply Depot  
  103  13:25  Supply Depot x2  
  106  13:42  Starport  
  106  13:43  Supply Depot  
  106  13:44  Supply Depot  
  106  14:06  Advanced Ballistics  
  106  14:07  Supply Depot  
  106  14:08  Supply Depot x2  
  104  14:10  Supply Depot  
  104  14:28  Command Center  
  103  14:31  Marine x4  
  103  14:32  Siege Tank  
  110  14:46  Liberator  
  110  14:49  Marine  
  111  14:56  Marine  
  111  15:00  Marine  
  74  15:31  Command Center  
  73  16:06  Command Center  

Tags
 
Add a new tag
Caveats
  • Supply blocks, unpowered buildings, or Contaminate may cause inaccurate times.
  • Supply counts are checked every 10 seconds.